Map: Cyber Forest LE

Players

BOOOOOOOOOoM - Winner!

  • Race: Zerg Zerg
  • League: Master
  • Spawn Location: 5:00

EmilyAthes

  • Race: Terran Terran
  • League: Master
  • Spawn Location: 11:00

VOD

Have the link to the VOD?

Description

Time

  • Played on: May 3, 2019, 4:11 p.m.
  • Length: 15:50
Show
View Real Time Build Order
Export as new Build Order

BOOOOOOOOOoM Zerg - Winner!

Build Orders: Hatch First 

Get SALT Encoding   

  12  0:01  Drone  
  13  0:13  Overlord  
  13  0:17  Drone  
  14  0:31  Drone x2  
  16  0:38  Drone  
  17  0:54  Hatchery  
  17  0:56  Drone  
  17  0:57  Drone  
  18  1:09  Extractor  
  17  1:15  Spawning Pool  
  17  1:16  Drone  
  17  1:20  Drone  
  18  1:29  Drone  
  19  1:40  Drone  
  20  1:50  Overlord  
  20  2:02  Queen  
  20  2:06  Queen  
  20  2:07  Zergling x2  
  20  2:08  Zergling x2  
  26  2:11  Metabolic Boost  
  27  2:15  Drone  
  27  2:18  Drone  
  28  2:23  Drone  
  28  2:35  Drone x2  
  29  2:45  Drone x2  
  31  2:53  Drone  
  31  2:57  Hatchery  
  31  2:59  Overlord  
  31  3:07  Overlord  
  31  3:11  Drone x2  
  33  3:20  Drone  
  33  3:21  Drone x2  
  33  3:24  Drone, Queen  
  39  3:28  Drone  
  39  3:32  Drone  
  41  3:39  Queen  
  43  3:43  Hatchery  
  43  3:47  Zergling x2  
  43  3:48  Zergling x4  
  44  4:08  Drone x5  
  47  4:11  Queen x2  
  47  4:12  Drone  
  52  4:20  Lair  
  52  4:21  Drone  
  52  4:22  Drone x2  
  55  4:28  Zergling x4  
  57  4:40  Drone  
  58  4:46  Overlord x3  
  58  4:58  Baneling Nest  
  55  5:07  Drone x10  
  55  5:11  Queen x3  
  55  5:13  Drone  
  72  5:17  Zergling x2  
  73  5:25  Drone x7  
  80  5:29  Evolution Chamber, Extractor  
  80  5:31  Drone x3, Evolution Chamber  
  80  5:34  Overlord  
  80  5:35  Overlord x3  
  80  5:46  Overlord  
  80  5:47  Overlord  
  80  5:51  Centrifical Hooks  
  80  5:53  Overlord x2  
  80  5:54  Overlord  
  80  6:01  Baneling x2  
  80  6:12  Zergling x20  
  80  6:13  Zergling x8  
  94  6:25  Zergling x6  
  95  6:26  Zergling x10  
  95  6:29  Drone x3  
  105  6:33  Extractor x2  
  105  6:34  Zerg Melee Weapons Level 1  
  103  6:46  Zergling x2  
  104  6:47  Zergling x16  
  109  6:54  Drone  
  109  6:55  Drone x5, Hatchery  
  114  7:01  Extractor  
  114  7:05  Extractor  
  112  7:10  Drone x7  
  112  7:13  Zerg Ground Armor Level 1, Hatchery  
  118  7:17  Infestation Pit  
  118  7:18  Drone  
  118  7:19  Drone x4, Extractor  
  121  7:25  Drone x6  
  127  7:54  Extractor  
  127  7:55  Spore Crawler  
  127  7:57  Zergling x32  
  141  7:59  Baneling x18, Extractor  
  141  8:00  Baneling x7  
  138  8:09  Baneling x5  
  138  8:10  Zergling x4, Baneling  
  138  8:11  Zergling x10  
  126  8:23  Drone  
  126  8:24  Drone x8  
  130  8:38  Drone x12  
  142  8:43  Baneling x18  
  142  8:45  Drone x5  
  147  9:00  Drone  
  147  9:01  Drone x7  
  153  9:14  Hatchery  
  153  9:16  Overlord x3  
  153  9:17  Overlord x2  
  152  9:19  Extractor  
  152  9:22  Baneling x10  
  152  9:23  Baneling x9  
  151  9:27  Extractor  
  151  9:28  Zergling x10  
  151  9:29  Extractor  
  152  9:39  Zergling x12  
  152  9:40  Zergling x20  
  168  9:50  Zergling x6  
  140  10:02  Zergling x14  
  140  10:04  Baneling x16  
  140  10:05  Baneling x29  
  140  10:06  Baneling  
  147  10:10  Drone  
  147  10:11  Drone  
  147  10:13  Zergling x6  
  136  10:27  Zergling x12  
  122  10:38  Zergling x2  
  122  10:39  Zergling x12  
  126  10:44  Overlord x6  
  126  10:51  Hatchery, Hive  
  126  10:52  Zerg Melee Weapons Level 2, Zerg Ground Armor Level 2  
  125  10:58  Zergling x24  
  125  11:02  Drone x2  
  139  11:07  Queen  
  139  11:08  Queen x3  
  147  11:13  Drone x8  
  155  11:19  Baneling x6  
  155  11:20  Baneling x29  
  155  11:21  Baneling x8  
  155  11:35  Spire  
  154  11:41  Overlord  
  154  11:42  Overlord x3  
  154  11:43  Queen  
  151  11:50  Extractor  
  151  11:51  Spore Crawler  
  145  11:58  Zergling x8  
  145  11:59  Zergling x30  
  164  12:17  Drone  
  164  12:18  Drone x5  
  164  12:19  Drone x4  
  164  12:20  Drone x3, Spore Crawler  
  176  12:23  Drone x3  
  176  12:25  Overseer x3  
  176  12:26  Overseer  
  166  12:49  Mutalisk x7  
  166  12:50  Mutalisk x14  
  195  13:04  Zergling x10  
  200  13:07  Spore Crawler  
  200  13:09  Spore Crawler  
  190  13:20  Zergling x18  
  182  13:40  Zergling x40  
  182  13:41  Zergling x2  
  190  13:52  Baneling  
  190  13:53  Baneling x26  
  190  13:54  Baneling x21  
  178  14:08  Ultralisk Cavern  
  178  14:09  Greater Spire  
  177  14:21  Zergling x36  
  177  14:22  Zergling x10  
  180  14:45  Zergling x14  
  172  14:46  Zergling x18  
  177  14:53  Corruptor x4  
  177  14:54  Corruptor x2  
  177  14:56  Baneling x11  
  177  14:57  Baneling x30  
  177  14:58  Baneling x11  
Show
View Real Time Build Order
Export as new Build Order

EmilyAthes Terran 

Build Orders: Hellion Opening, Reaper Expand 

Get SALT Encoding   

  12  0:00  SCV  
  13  0:13  SCV  
  14  0:17  Supply Depot  
  14  0:25  SCV  
  15  0:39  SCV  
  15  0:40  Barracks  
  16  0:44  Refinery  
  16  0:51  SCV  
  17  1:03  SCV  
  18  1:15  SCV  
  19  1:27  Reaper  
  19  1:28  Orbital Command  
  20  1:44  Command Center  
  20  1:50  Supply Depot  
  20  1:53  SCV  
  21  1:59  Marine  
  22  2:05  SCV  
  23  2:09  Factory  
  23  2:17  SCV  
  24  2:25  Barracks Reactor  
  24  2:29  SCV  
  25  2:42  SCV  
  26  2:54  SCV  
  26  2:56  Orbital Command  
  27  3:06  SCV  
  27  3:07  Hellion  
  27  3:08  Hellion  
  32  3:14  Barracks Tech Lab  
  32  3:18  SCV  
  32  3:24  SCV, Supply Depot  
  33  3:29  Hellion x2  
  33  3:30  SCV  
  33  3:31  Command Center  
  38  3:38  Stimpack, Marine  
  38  3:39  SCV  
  40  3:44  Supply Depot  
  40  3:47  SCV  
  41  3:50  Hellion  
  41  3:51  Hellion  
  45  3:56  SCV  
  45  3:59  SCV  
  47  4:09  SCV  
  48  4:16  Supply Depot  
  48  4:21  Barracks, SCV  
  48  4:23  Barracks, Marine  
  50  4:24  Factory Reactor  
  50  4:25  SCV, Refinery  
  51  4:36  SCV  
  50  4:38  SCV  
  50  4:39  Supply Depot  
  50  4:41  Marine  
  50  4:45  Orbital Command  
  50  4:49  Engineering Bay  
  50  4:57  Barracks x2, SCV x2  
  50  4:59  Marine  
  52  5:03  Orbital Command  
  52  5:09  SCV  
  52  5:10  SCV  
  52  5:11  Starport, Refinery  
  52  5:12  Refinery  
  52  5:13  Marine  
  55  5:15  Marine  
  55  5:17  Marine  
  55  5:18  Terran Infantry Weapons Level 1, Engineering Bay  
  57  5:21  SCV  
  57  5:22  SCV  
  57  5:25  Factory Reactor  
  57  5:27  Marine  
  60  5:29  Marine  
  60  5:30  SCV  
  60  5:31  Marine  
  60  5:33  SCV  
  64  5:38  Marine  
  64  5:39  Marine  
  64  5:40  Combat Shield, SCV  
  64  5:42  Bunker  
  67  5:44  Terran Infantry Armor Level 1  
  67  5:45  SCV  
  67  5:47  SCV, Marine  
  67  5:48  Marine  
  72  5:50  Barracks Reactor  
  72  5:51  Barracks Reactor  
  72  5:54  SCV  
  72  5:58  SCV, Supply Depot  
  72  5:59  Marine  
  74  6:04  SCV  
  74  6:06  Medivac  
  74  6:09  Factory Tech Lab, Marine  
  74  6:10  Marine x2  
  74  6:11  Marine, SCV  
  81  6:12  SCV, Supply Depot  
  81  6:16  SCV, Supply Depot, Marine  
  85  6:21  Medivac  
  85  6:24  SCV x2  
  89  6:27  Marine  
  89  6:28  SCV  
  89  6:30  Marine x3, Refinery  
  89  6:31  Marine, Refinery  
  95  6:36  Siege Tank, SCV x2  
  98  6:42  Marine x2  
  98  6:43  Marine x2  
  98  6:44  SCV  
  98  6:45  Marine  
  104  6:48  SCV  
  104  6:49  Marine  
  104  6:52  SCV, Armory  
  107  6:56  SCV, Marine x2  
  107  7:00  SCV  
  111  7:04  SCV, Marine x5  
  111  7:07  Supply Depot x2  
  117  7:18  Supply Depot  
  117  7:20  Supply Depot  
  117  7:21  Medivac, Marine x4, SCV  
  117  7:22  Marine  
  125  7:28  Siege Tank, Marine, SCV  
  125  7:29  Marine  
  131  7:38  Marine x2  
  131  7:40  Terran Infantry Weapons Level 2, Terran Infantry Armor Level 2  
  133  7:44  Marine  
  133  7:45  Marine x4  
  138  7:53  Supply Depot  
  138  7:54  Factory  
  138  7:55  Marine  
  138  7:56  Marine  
  138  7:57  Supply Depot  
  140  8:00  Siege Tank  
  140  8:02  Marine x2, Supply Depot  
  145  8:08  Marine  
  145  8:11  Marine x2  
  148  8:14  Marine x2  
  148  8:16  Marine  
  116  8:20  Marine x2  
  116  8:21  Marine  
  116  8:26  Marine  
  104  8:29  Medivac, Marine x2  
  104  8:31  Marine  
  104  8:32  Marine  
  104  8:34  Command Center, Marine  
  111  8:36  Siege Tank  
  111  8:38  Marine x2  
  111  8:40  Marine  
  117  8:44  Marine  
  117  8:47  Marine x2  
  120  8:49  Marine  
  120  8:52  Terran Vehicle Weapons Level 1  
  120  8:54  Marine x2  
  123  8:56  Marine  
  123  8:58  Marine  
  123  9:00  Medivac  
  127  9:09  Siege Tank  
  130  9:11  Marine x2  
  130  9:16  Marine x3  
  135  9:22  Supply Depot  
  135  9:28  Factory Tech Lab  
  135  9:30  Marine x3  
  138  9:32  Marine x2  
  138  9:34  Marine  
  141  9:41  Siege Tank  
  141  9:43  Marine  
  141  9:45  Marine x2  
  145  9:47  Marine  
  145  9:52  Marine x3  
  126  10:08  Siege Tank  
  126  10:09  Medivac  
  126  10:10  Marine  
  126  10:11  Marine  
  126  10:12  Marine x5  
  126  10:13  Siege Tank  
  141  10:19  Marine x2  
  143  10:27  Marine  
  100  10:29  Marine x2  
  100  10:30  Marine x4  
  104  10:37  Marine x2  
  104  10:40  Siege Tank  
  102  10:45  Siege Tank, Marine  
  102  10:47  Marine x3, Orbital Command  
  102  10:48  Marine x2  
  111  10:51  Terran Infantry Weapons Level 3  
  111  10:59  Terran Infantry Armor Level 3, Marine  
  111  11:00  Marine  
  113  11:07  Terran Vehicle Weapons Level 2  
  113  11:08  Marine x2  
  113  11:10  Marine  
  116  11:15  Marine  
  116  11:16  Marine  
  116  11:17  Marine  
  119  11:20  Marine x2  
  119  11:24  Siege Tank  
  124  11:28  Marine  
  124  11:30  Supply Depot  
  125  11:33  Siege Tank  
  125  11:39  Marine  
  120  11:47  Marine  
  111  11:56  Siege Tank  
  114  12:04  Marine  
  114  12:05  Siege Tank, Marine  
  114  12:06  Marine  
  120  12:09  Marine  
  120  12:10  Marine x2  
  120  12:14  Marine  
  124  12:20  Marine x2  
  126  12:28  Siege Tank  
  129  12:32  Marine  
  129  12:33  Marine x5  
  129  12:36  Marine  
  136  12:37  Siege Tank  
  136  12:38  Marine  
  136  12:42  Marine  
  132  12:47  Liberator x2  
  132  12:50  Marine x2  
  132  12:51  Marine x3  
  124  13:03  Command Center  
  133  13:07  Marine x2  
  133  13:08  Marine x4  
  133  13:12  Marine x2  
  128  13:13  Marine  
  127  13:25  Marine x2  
  127  13:26  Marine x2  
  131  13:30  Marine  
  131  13:31  Thor  
  129  13:34  Thor  
  129  13:35  Marine  
  129  13:39  Marine  
  129  13:40  Marine  
  132  13:42  Marine  
  132  13:43  Liberator, Marine  
  132  13:44  Marine  
  112  13:49  Missile Turret  
  112  13:52  Marine  
  112  13:53  Marine x2  
  109  13:56  Marine  
  112  14:04  Marine  
  112  14:05  Marine  
  112  14:08  Marine x2  
  116  14:13  Marine x2  
  118  14:17  Marine x3  
  118  14:22  Marine  
  122  14:27  Marine x2  
  122  14:28  Marine  
  122  14:31  Marine  
  110  14:39  Marine x3  
  110  14:40  Marine  
  110  14:42  Marine  
  86  14:48  Marine x2  
  86  14:51  Marine  
  84  14:56  Marine  
  84  14:58  Marine  
  86  15:00  Marine  
  86  15:05  Marine  
  88  15:10  Marine  
  88  15:11  Marine  
  90  15:16  Marine x2  
  89  15:22  Marine  
  68  15:29  Marine x3  
Tags
 
Add a new tag
Caveats
  • Supply blocks, unpowered buildings, or Contaminate may cause inaccurate times.
  • Supply counts are checked every 10 seconds.